Map: Backwater LE

Players

SpaceOrc - Winner!

  • Race: Terran Terran
  • League: Platinum
  • Spawn Location: 5:00

WinterHawk

  • Race: Zerg Zerg
  • League: Diamond
  • Spawn Location: 11:00

VOD

Have the link to the VOD?

Description

Mech VS roach hydra viper

Time

  • Played on: May 13, 2018, 4:52 a.m.
  • Length: 10:51
Show
View Real Time Build Order
Export as new Build Order

SpaceOrc Terran - Winner!

Build Orders: Liberator Opening, Reaper Expand, Mech 

Get SALT Encoding   

  12  0:00  SCV  
  13  0:13  SCV  
  14  0:18  Supply Depot  
  14  0:25  SCV  
  15  0:32  Refinery  
  15  0:39  SCV  
  16  0:46  Barracks  
  16  0:51  SCV  
  17  1:04  SCV  
  18  1:16  SCV  
  19  1:33  Orbital Command  
  19  1:34  Reaper  
  20  1:46  Command Center  
  20  1:57  Factory  
  20  2:00  SCV  
  21  2:11  Barracks Reactor  
  21  2:12  Supply Depot  
  21  2:14  SCV  
  22  2:20  Refinery  
  22  2:26  SCV  
  23  2:38  SCV  
  24  2:57  SCV, Starport  
  25  3:02  Hellion x2  
  25  3:03  Orbital Command  
  29  3:13  Marine  
  30  3:21  Supply Depot  
  30  3:22  SCV  
  30  3:23  Hellion x2  
  35  3:28  Liberator  
  35  3:37  SCV  
  36  3:44  Hellion  
  36  3:45  Hellion  
  43  3:49  SCV  
  44  4:05  SCV, Command Center  
  44  4:08  Hellion  
  44  4:09  Hellion  
  49  4:17  SCV  
  49  4:22  SCV  
  51  4:28  Factory  
  51  4:29  SCV  
  51  4:31  Factory  
  52  4:41  SCV  
  53  4:55  Factory  
  53  4:58  SCV  
  53  4:59  Liberator, Factory  
  54  5:00  Refinery  
  54  5:02  Refinery  
  54  5:13  Factory Tech Lab  
  54  5:16  SCV  
  54  5:17  Hellion x2, Factory Tech Lab  
  54  5:18  SCV  
  54  5:21  Supply Depot  
  63  5:22  SCV  
  64  5:29  SCV  
  65  5:37  Siege Tank  
  65  5:41  SCV  
  65  5:42  Siege Tank  
  74  5:43  Hellion  
  74  5:46  Orbital Command  
  74  5:49  Supply Depot  
  74  5:51  Factory Tech Lab  
  74  5:53  SCV  
  74  5:55  Factory Tech Lab  
  75  6:05  SCV, Refinery  
  75  6:06  Infernal Pre-Igniter  
  75  6:07  Supply Depot  
  76  6:14  Starport Reactor  
  76  6:16  Siege Tank, Hellion  
  81  6:19  Hellion  
  81  6:20  SCV  
  84  6:29  SCV, Supply Depot  
  84  6:32  SCV  
  86  6:40  Armory  
  86  6:41  SCV  
  87  6:48  Siege Tank  
  90  6:55  Viking  
  90  6:58  Siege Tank  
  90  7:00  Siege Tank  
  90  7:01  SCV  
  99  7:13  SCV  
  99  7:15  SCV  
  101  7:27  SCV  
  102  7:34  Siege Tank  
  102  7:35  Thor  
  111  7:38  Thor  
  117  7:44  Refinery  
  117  7:46  SCV  
  118  7:57  Siege Tank  
  118  7:58  Viking  
  123  8:04  Hellion  
  123  8:05  Hellion  
  124  8:06  Siege Tank  
  124  8:12  SCV  
  128  8:16  Supply Depot  
  128  8:18  SCV  
  128  8:19  Supply Depot  
  129  8:24  SCV, Siege Tank  
  129  8:25  Supply Depot  
  133  8:36  Siege Tank  
  133  8:37  Hellion x2  
  133  8:38  Siege Tank, Viking x2  
  147  8:41  SCV  
  148  8:58  Hellion x2  
  152  9:18  Siege Tank x3  
  161  9:29  Thor  
  164  9:37  Hellion x2  
  164  9:50  Hellion  
  164  9:57  Siege Tank  
  164  9:58  Siege Tank  
  150  10:12  Hellion  
  164  10:15  Hellion  
Show
View Real Time Build Order
Export as new Build Order

WinterHawk Zerg 

Build Orders: Hatch First 

Get SALT Encoding   

  12  0:01  Drone  
  13  0:14  Drone  
  13  0:19  Overlord  
  14  0:26  Drone, Extractor  
  15  0:38  Drone x2  
  17  0:54  Hatchery  
  16  0:57  Drone  
  17  1:11  Spawning Pool  
  17  1:14  Extractor  
  17  1:16  Drone  
  16  1:19  Drone  
  17  1:26  Drone  
  18  1:33  Overlord  
  18  1:41  Drone  
  19  1:58  Queen  
  19  1:59  Zergling x2  
  22  2:03  Zergling x2  
  22  2:06  Queen  
  22  2:07  Drone  
  26  2:13  Drone  
  26  2:15  Metabolic Boost  
  27  2:18  Drone  
  28  2:26  Drone  
  28  2:45  Hatchery  
  27  2:54  Drone x3  
  30  3:01  Drone x3  
  30  3:05  Queen  
  35  3:28  Roach Warren  
  35  3:30  Evolution Chamber  
  33  3:39  Evolution Chamber  
  33  3:40  Drone x3  
  33  3:41  Drone  
  36  3:42  Overlord x2  
  36  3:43  Extractor  
  35  4:04  Overlord x2  
  35  4:08  Roach  
  35  4:09  Roach x3  
  43  4:13  Lair  
  43  4:17  Zerg Missile Weapons Level 1  
  43  4:22  Drone x2  
  43  4:23  Drone  
  46  4:26  Drone  
  47  4:49  Drone x6  
  47  4:51  Drone  
  47  4:52  Drone x2, Queen  
  58  5:04  Drone  
  59  5:07  Drone, Zerg Ground Armor Level 1  
  59  5:10  Extractor  
  59  5:12  Roach x3  
  65  5:32  Glial Reconstitution  
  65  5:36  Drone  
  65  5:37  Overlord x2  
  65  5:39  Overlord  
  65  5:40  Overlord  
  66  5:58  Drone  
  66  5:59  Drone x2  
  66  6:03  Extractor  
  68  6:05  Drone x4  
  68  6:06  Drone, Overlord x3  
  68  6:07  Drone x2  
  68  6:08  Infestation Pit  
  74  6:29  Extractor  
  73  6:35  Drone x3  
  73  6:36  Drone x2, Extractor  
  77  6:40  Drone x8  
  85  6:48  Lair  
  85  6:50  Hive  
  85  6:59  Hatchery  
  84  7:11  Drone  
  85  7:26  Hydralisk Den, Overseer  
  85  7:28  Overlord x2  
  85  7:29  Overlord x3  
  84  7:31  Roach  
  84  7:32  Roach x9  
  104  7:37  Spore Crawler  
  103  7:49  Spore Crawler  
  102  7:51  Spore Crawler  
  102  7:54  Spore Crawler  
  102  7:57  Muscular Augments  
  97  8:09  Drone x4  
  97  8:10  Drone x3  
  97  8:11  Drone, Overlord x2  
  105  8:14  Viper x2  
  105  8:15  Viper  
  114  8:21  Drone  
  114  8:22  Overlord x2  
  114  8:24  Ravager  
  114  8:25  Ravager x2  
  118  8:38  Drone x5  
  118  8:39  Overlord x2  
  123  8:52  Roach x7  
  123  8:53  Roach  
  139  8:57  Ravager x3  
  140  9:08  Grooved Spines  
  140  9:15  Roach  
  140  9:16  Roach x11  
  164  9:17  Roach  
  164  9:22  Viper  
  167  9:31  Roach Warren  
  152  9:51  Hydralisk  
  152  9:52  Hydralisk x7  
Tags
 
Add a new tag
Caveats
  • Supply blocks, unpowered buildings, or Contaminate may cause inaccurate times.
  • Supply counts are checked every 10 seconds.